 Dungeon Crawl Stone Soup version 0.26.1-11-gd32895ea62 (webtiles) character file.

Game seed: 11537414441208350996

30006 Zeld the Severer (level 13, -14/118 HPs)
             Began as a Deep Dwarf Fighter on June 1, 2021.
             Was an Elder of Makhleb.
             Demolished by a titanic slime creature (88 damage)
             ... on level 13 of the Dungeon.
             The game lasted 00:28:39 (14896 turns).

Zeld the Severer (Deep Dwarf Fighter)              Turns: 14896, Time: 00:28:40

Health: -14/118    AC: 17    Str: 25    XL:     13   Next: 18%
Magic:  8/8        EV:  5    Int:  9    God:    Makhleb [****..]
Gold:   261        SH: 12    Dex: 12    Spells: 12/12 levels left

rFire    + . .     SeeInvis .   a - +0 war axe
rCold    . . .     Faith    .   c - +0 kite shield
rNeg     . . .     Spirit   .   m - +0 plate armour
rPois    +         Reflect  .   C - +2 helmet
rElec    .         Harm     .   (no cloak)
rCorr    .         Rampage  .   (no gloves)
Will     +....                  y - +2 pair of boots
Stlth    ..........             (no amulet)
HPRegen  0.00/turn              E - ring of poison resistance
MPRegen  0.11/turn              K - ring of protection from fire

@: non-regenerating
A: damage resistance, heal wounds, sense surroundings 2, no regeneration
a: Heal Wounds, Renounce Religion, Minor Destruction, Lesser Servant of Makhleb,
Major Destruction


You were on level 13 of the Dungeon.
You worshipped Makhleb.
Makhleb was greatly pleased with you.
You visited 2 branches of the dungeon, and saw 14 of its levels.

You collected 1108 gold pieces.
You spent 847 gold pieces at shops.

Inventory:

Hand Weapons
 a - a +0 war axe (weapon)
Missiles
 h - 3 throwing nets
 v - 30 poisoned darts (quivered)
 D - 7 atropa-tipped darts
Armour
 c - a +0 kite shield (worn)
 m - a +0 plate armour (worn)
 y - a +2 pair of boots (worn)
 C - a +2 helmet (worn)
Jewellery
 o - an uncursed ring of ice
 E - a ring of poison resistance (left hand)
 G - an uncursed ring of flight
 K - a ring of protection from fire (right hand)
Wands
 i - a wand of paralysis (5)
 w - a wand of polymorph (9)
 I - a wand of enslavement (11)
 L - a wand of disintegration (35)
 P - a wand of flame (9)
Scrolls
 g - 12 scrolls of teleportation
 l - 6 scrolls of remove curse
 n - 2 scrolls of amnesia
 p - a scroll of enchant armour
 q - a scroll of enchant weapon
Potions
 b - a potion of invisibility
 d - 5 potions of might
 e - a potion of resistance
 f - 6 potions of ambrosia
 j - 4 potions of cancellation {unknown}
 k - a potion of berserk rage {unknown}
 r - 3 potions of heal wounds
 u - 6 potions of haste
 z - 4 potions of flight
 B - 13 potions of curing
 R - 2 potions of magic


   Skills:
 * Level 8.6 Fighting
 - Level 16.0 Axes
 - Level 6.0 Throwing
 - Level 3.2 Armour
 + Level 8.4 Shields
 * Level 11.1 Invocations
 + Level 7.9 Evocations


You had 12 spell levels left.
You didn't know any spells.
Your spell library contained the following spells:

 Spells                   Type           Power        Failure   Level
 Animate Skeleton         Necr           0%           100%        1
 Freeze                   Ice            0%           100%        1
 Magic Dart               Conj           0%           100%        1
 Pain                     Necr           0%           100%        1
 Searing Ray              Conj           0%           100%        2
 Confusing Touch          Hex            0%           100%        3
 Dazzling Flash           Conj/Hex       0%           100%        3
 Frozen Ramparts          Ice            0%           100%        3
 Gell's Gravitas          Tloc           0%           100%        3
 Ozocubu's Armour         Ice            0%           100%        3
 Vampiric Draining        Necr           0%           100%        3
 Animate Dead             Necr           0%           100%        4
 Fulminant Prism          Conj/Hex       0%           100%        4
 Hailstorm                Conj/Ice       0%           100%        4
 Iskenderun's Mystic Bla  Conj/Tloc      0%           100%        4
 Petrify                  Tmut/Erth      0%           100%        4
 Summon Ice Beast         Ice/Summ       0%           100%        4
 Agony                    Necr           0%           100%        5
 Borgnjor's Vile Clutch   Necr/Erth      0%           100%        5
 Metabolic Englaciation   Hex/Ice        0%           100%        5
 Yara's Violent Unravell  Hex/Tmut       0%           100%        5
 Death Channel            Necr           0%           100%        6
 Simulacrum               Ice/Necr       0%           100%        6


Dungeon Overview and Level Annotations

Branches:
Dungeon (13/15)            Temple (1/1) D:5            Lair (0/6) D:10
    Orc (0/2) D:11
 Vaults: D:13-14

Altars:
Ashenzari
Cheibriados
Dithmenos
Elyvilon
Fedhas
Gozag
Hepliaklqana
Kikubaaqudgha
Makhleb
Nemelex Xobeh
Okawaru
Qazlal
Ru
Sif Muna
Trog
Uskayaw
Vehumet
Wu Jian
Xom
Yredelemnul
Zin
The Shining One

Shops:
D:4 (=!*}   D:6 *   D:7 (   D:8 [   D:10 [   D:12 !   D:13 *


Innate Abilities, Weirdness & Mutations

You are resistant to damage.
You can heal yourself by infusing magical energy.
You passively map the area around you.
You do not regenerate.


Message History

Unknown command.
You hit the titanic slime creature.
The titanic slime creature is lightly wounded.
The titanic slime creature hits you but does no damage.
You slash the titanic slime creature!
The titanic slime creature is moderately wounded.
The titanic slime creature barely misses you.
You slash the titanic slime creature!
The titanic slime creature is moderately wounded.
You slash the titanic slime creature!
The titanic slime creature is moderately wounded.
The titanic slime creature hits you!!!
* * * LOW HITPOINT WARNING * * *
Your magical essence is drained by the effort!
You feel much better.
You block the titanic slime creature's attack.
Okay, then.
You feel much better. The titanic slime creature hits you!!!!
Ouch! That really hurt!
You die...

............................#'###
...#####'##########.......###...#
.#.#..........# #.##..#.#......
...####...##### #.......#######
...# ##### ######### #.... .#.*
#.#.. * #.#.. , *
*####################.... ,, ,
......J@...........).... *
......###########'###### , ,
,..... ............... * * #### *
* ###############


You could see a titanic slime creature.

Vanquished Creatures
  Gastronok (D:9)
  Erolcha (D:9)
  Fannar (D:11)
  3 two-headed ogres
  Erica (D:8)
  An ogre mage (D:11)
  2 unseen horrors (D:11)
  Pikel (D:3)
  The ghost of Zeld the Cleaver, a novice MiBe of Trog (D:7)
  3 ugly things
  A cyclops (D:11)
  A manticore (D:7)
  A deep elf mage (D:12)
  A naga mage (D:13)
  A gargoyle (D:10)
  Maggie (D:9)
  3 kobold demonologists
  3 tengu conjurers
  A polar bear (D:9)
  A queen bee (D:11)
  3 trolls
  A hornet (D:8)
  A meliai (shapeshifter) (D:13)
  Grinder (D:4)
  3 slime creatures (D:10)
  A shadow (D:11)
  A wraith (D:11)
  18 yaks
  A vampire (D:13)
  A basilisk (D:13)
  Grum (D:8)
  Menkaure (D:4)
  A water moccasin (D:9)
  2 acid dragons (D:11)
  A swamp drake (D:11)
  Duvessa (D:5)
  9 orc warriors
  2 ice beasts (D:9)
  5 ogres
  4 phantoms
  A black bear (D:8)
  6 sky beasts
  2 necrophages
  4 wolves
  4 centaurs
  A lemure (D:3)
  10 bullfrogs
  Blork the orc (D:4)
  3 big kobolds
  A gnoll sergeant (D:11)
  Dowan (D:5)
  2 wyvern skeletons
  26 killer bees
  A water moccasin skeleton (D:11)
  22 wights
  2 howler monkeys
  The ghost of Zeld the Insei, a weakling OpTm (D:4)
  An electric eel (D:6)
  2 bullfrog zombies
  5 centaur zombies
  A quasit (D:7)
  8 hounds
  9 orc priests
  2 centaur skeletons
  5 jellies
  2 gnoll shamans (D:7)
  23 orc wizards
  11 worker ants
  A killer bee zombie (D:6)
  17 gnolls
  9 adders
  2 shadow imps
  4 white imps (D:9)
  A worker ant simulacrum (D:9)
  3 ufetubi
  An ooze (D:3)
  An adder skeleton (D:8)
  2 worms (D:4)
  3 dart slugs
  6 leopard geckos
  51 orcs
  3 ball pythons
  5 giant cockroaches
  10 goblins
  4 hobgoblins (D:1)
  4 jackals
  14 kobolds
  4 quokkas
  8 bats
  A frilled lizard (D:1)
  A giant cockroach zombie (D:6)
  A quokka zombie (D:5)
  12 rats
412 creatures vanquished.

Vanquished Creatures (collateral kills)
  A hydra (D:11)
  An ugly thing (D:11)
  2 manticores (D:11)
  A cyclops (D:11)
  6 killer bees (D:11)
  A wight (D:11)
  A worker ant zombie (D:11)
  A leopard gecko (D:11)
14 creatures vanquished.

Vanquished Creatures (others)
  A quokka (D:2)
1 creature vanquished.

Grand Total: 427 creatures vanquished

Notes
Turn   | Place    | Note
-------+----------+-------------------------------------------
     0 | D:1      | Zeld the Deep Dwarf Fighter began the quest for the Orb.
     0 | D:1      | Reached XP level 1. HP: 20/20 MP: 1/1
    60 | D:1      | Reached skill level 3 in Axes
    60 | D:1      | Reached XP level 2. HP: 27/27 MP: 2/2
   108 | D:1      | You fall into a shaft and drop 1 floor!
   264 | D:1      | Reached XP level 3. HP: 31/33 MP: 3/3
   275 | D:1      | Reached skill level 4 in Axes
   937 | D:2      | Found a radiant altar of Vehumet.
  1370 | D:3      | Reached XP level 4. HP: 21/40 MP: 4/4
  1490 | D:3      | Found a blossoming altar of Fedhas.
  1490 | D:3      | Found a basalt altar of Yredelemnul.
  1510 | D:3      | Reached skill level 5 in Axes
  1911 | D:3      | Found an iron altar of Okawaru.
  2022 | D:4      | Found a large runed translucent door.
  2022 | D:4      | Found a large runed translucent door.
  2031 | D:4      | Noticed Zeld's ghost (weakling OpTm)
  2044 | D:4      | Noticed an ogre
  2058 | D:4      | Killed an ogre
  2059 | D:4      | Reached skill level 6 in Axes
  2059 | D:4      | Reached XP level 5. HP: 46/46 MP: 5/5
  2085 | D:4      | Found Fymeenuh's Jewellery Shoppe.
  2091 | D:4      | Noticed Menkaure
  2093 | D:4      | Noticed an ogre
  2102 | D:4      | Noticed Blork the orc
  2105 | D:4      | Reached skill level 7 in Axes
  2105 | D:4      | Reached XP level 6. HP: 34/55 MP: 6/6
  2116 | D:4      | Killed Blork the orc
  2125 | D:4      | Killed Menkaure
  2126 | D:4      | Reached skill level 8 in Axes
  2126 | D:4      | Reached XP level 7. HP: 43/61 MP: 6/6
  2158 | D:4      | Found Kizus's Distillery.
  2160 | D:4      | Noticed Grinder
  2291 | D:4      | Paralysed by Grinder for 7 turns
  2312 | D:4      | Killed Grinder
  2313 | D:4      | Reached skill level 9 in Axes
  2331 | D:4      | Bought a potion of curing for 33 gold pieces
  2331 | D:4      | Bought a potion of flight for 33 gold pieces
  2331 | D:4      | Bought a potion of haste for 110 gold pieces
  2339 | D:4      | Found Xaugoacw's General Store.
  2353 | D:3      | Found a white marble altar of Elyvilon.
  2353 | D:3      | Found an ornate altar of the Wu Jian Council.
  2453 | D:4      | Found Voboz Uzit's Weapon Boutique.
  2651 | D:4      | Found Xoyc's Gadget Shop.
  2759 | D:5      | Entered Level 5 of the Dungeon
  2837 | D:5      | Reached skill level 10 in Axes
  2957 | D:5      | Found a hide-covered altar of Uskayaw.
  3023 | D:5      | Found a shadowy altar of Dithmenos.
  3071 | D:5      | Found a staircase to the Ecumenical Temple.
  3119 | D:5      | Noticed Pikel
  3130 | Temple   | Entered the Ecumenical Temple
  3546 | D:3      | Killed Pikel
  3547 | D:3      | Reached skill level 11 in Axes
  3547 | D:3      | Reached XP level 8. HP: 66/68 MP: 6/6
  3647 | D:5      | Noticed Duvessa
  3647 | D:5      | Noticed Dowan
  4006 | D:5      | Killed Duvessa
  4019 | D:5      | Killed Dowan
  4062 | D:5      | Found a broken altar of Ashenzari.
  4260 | D:6      | Reached skill level 12 in Axes
  4303 | D:6      | Found Hotwuypraa's Assorted Antiques.
  4319 | D:6      | Bought a potion of curing for 72 gold pieces
  4319 | D:6      | Bought a scroll labelled QOHATA LUPH for 24 gold pieces
  5417 | D:7      | Gained mutation: You passively map the area around you.
                  | [Deep Dwarf growth]
  5417 | D:7      | Reached XP level 9. HP: 64/74 MP: 7/7
  5475 | D:7      | Reached skill level 13 in Axes
  5515 | D:7      | Found Soha's Antique Weapon Boutique.
  6331 | D:7      | Found a runed translucent gate.
  6331 | D:7      | Found a runed translucent gate.
  6334 | D:7      | Noticed a manticore
  6335 | D:7      | Found a runed translucent gate.
  6335 | D:7      | Noticed Zeld's ghost (novice MiBe)
  6547 | D:8      | Found a burning altar of Makhleb.
  6550 | D:8      | Became a worshipper of Makhleb the Destroyer
  6567 | D:8      | Reached skill level 14 in Axes
  6832 | D:8      | Found an opulent altar of Gozag.
  6871 | D:8      | Noticed Erica
  6950 | D:8      | Killed Erica
  6951 | D:8      | Reached skill level 15 in Axes
  6951 | D:8      | Reached XP level 10. HP: 49/81 MP: 6/6
  7037 | D:8      | Noticed Grum
  7072 | D:8      | Killed Grum
  7230 | D:8      | Found Giumoir's Antique Armour Boutique.
  7271 | D:8      | Reached * piety under Makhleb
  7527 | D:7      | Killed Zeld's ghost
  7553 | D:7      | Killed a manticore
  7554 | D:7      | Reached skill level 16 in Axes
  7554 | D:7      | Reached skill level 1 in Throwing
  8057 | D:6      | Found Hotwuypraa's Assorted Antiques.
  8524 | D:4      | Killed Zeld's ghost
  8581 | D:6      | Bought a potion of might for 96 gold pieces
  8670 | D:9      | Found a stormy altar of Qazlal.
  8671 | D:9      | Noticed Maggie
  8685 | D:9      | Killed Maggie
  9179 | D:9      | Noticed Gastronok
  9192 | D:9      | Killed Gastronok
  9193 | D:9      | Reached XP level 11. HP: 90/90 MP: 6/6
  9267 | D:9      | Reached skill level 1 in Invocations
  9295 | D:9      | Reached ** piety under Makhleb
  9304 | D:9      | Found an ornate altar of the Wu Jian Council.
  9423 | D:9      | Found a shimmering blue altar of Sif Muna.
  9439 | D:9      | Reached skill level 1 in Evocations
  9450 | D:9      | Found a shimmering altar of Xom.
  9605 | D:9      | Found a glowing silver altar of Zin.
  9740 | D:9      | Noticed Erolcha
  9753 | D:9      | Killed Erolcha
 10277 | D:9      | Acquired 298 gold pieces
 10383 | D:6      | Bought 2 cyan potions for 43 gold pieces
 10383 | D:6      | Bought a potion of heal wounds for 120 gold pieces
 10383 | D:6      | Bought an amethyst potion for 21 gold pieces
 10456 | D:4      | Bought a scroll of teleportation for 42 gold pieces
 10465 | D:4      | Bought a potion of might for 44 gold pieces
 10465 | D:4      | Bought a potion of heal wounds for 55 gold pieces
 10636 | D:10     | Entered Level 10 of the Dungeon
 10667 | D:10     | Reached skill level 5 in Shields
 10679 | D:10     | Found a staircase to the Lair.
 10900 | D:10     | Found Hemeon's Antique Armour Shop.
 11434 | D:11     | You fall into a shaft and drop 1 floor!
 11465 | D:12     | Reached skill level 5 in Invocations
 11505 | D:12     | Noticed a deep elf mage
 11525 | D:12     | Killed a deep elf mage
 11526 | D:12     | Reached skill level 5 in Fighting
 11536 | D:12     | Noticed a purple ugly thing
 11546 | D:12     | Found Addahaj's Distillery.
 11564 | D:12     | Killed a purple ugly thing
 11586 | D:12     | Bought a potion of magic for 112 gold pieces
 11586 | D:12     | Bought a potion of curing for 42 gold pieces
 11763 | D:11     | Found a staircase to the Orcish Mines.
 11769 | D:11     | Identified the ring of Xeosisoy {Wiz rN+}
 12025 | D:11     | Noticed Fannar
 12075 | D:11     | Killed Fannar
 12215 | D:11     | Reached *** piety under Makhleb
 12230 | D:11     | Reached skill level 5 in Evocations
 12230 | D:11     | Reached XP level 12. HP: 72/105 MP: 7/7
 12491 | D:11     | Noticed a seven-headed hydra
 12512 | D:11     | Killed an eight-headed hydra
 12714 | D:11     | Noticed an ogre mage
 12741 | D:11     | Killed an ogre mage
 13396 | D:12     | Reached **** piety under Makhleb
 13457 | D:12     | Noticed a two-headed ogre
 13469 | D:12     | Killed a two-headed ogre
 13532 | D:12     | Reached skill level 10 in Invocations
 13696 | D:12     | Noticed a two-headed ogre
 13708 | D:12     | Killed a two-headed ogre
 14081 | D:13     | Found Tapo Emp's Serpentskin Sales.
 14142 | D:13     | Reached XP level 13. HP: 76/117 MP: 8/8
 14896 | D:13     | Demolished by a titanic slime creature

Illustrated notes

Levels and vault maps discovered:
D:1:      lemuel_arrival_broad_hall, layout_rooms, minmay_misc_feat_tiny,
          chequers_jeans, minmay_ruptured
D:2:      layout_basic, fiery_altar_vehumet, minmay_box_of_dots
D:3:      layout_loops_ring, nicolae_overflow_hidden_temple
D:4:      layout_rooms, ebering_ghost_disaster_area, serial_shops,
          nicolae_shop_stone, kennysheep_mini_moat, shop,
          nicolae_shop_competitors_out_of_business, shop, uniq_menkaure,
          uniq_blork_the_orc, uniq_grinder
D:5:      layout_rooms, kennysheep_little_box, grunt_dithmenos_shadows,
          minmay_temple_entry_large_hall, cheibrodos_ashenzari_chains,
          uniq_pikel, uniq_duvessa
D:6:      layout_basic, serial_shops, nicolae_shop_trees,
          ebering_dispersal_statue_hall, nicolae_water_bricks
D:7:      layout_basic, gammafunk_ghost_split, serial_shops, shop
D:8:      layout_loops_ring, grunt_gozag_breadcrumbs, kennysheep_mini,
          serial_shops, shop, uniq_grum, uniq_erica
D:9:      layout_loops_corners, old_standard_altar, lemuel_round_altar,
          lemuel_round_altar, serial_ice, serial_ice_e, serial_ice_l,
          serial_ice_d, serial_ice_b, serial_ice_o, serial_ice_m, serial_ice_n,
          serial_ice_f, serial_ice_a, serial_ice_g, basic_altar,
          grunt_qazlal_clouds, uniq_maggie, uniq_gastronok, uniq_erolcha
D:10:     layout_gridville, dpeg_oklobed_lair, serial_shops, shop,
          kennysheep_doodads, hangedman_decor_growths
D:11:     minmay_the_grid_triangle_9x9_recursive_3
          [minmay_the_grid_triangle_9x9_impossible_snake,
          minmay_the_grid_triangle_9x9_zippers_horizontal,
          minmay_the_grid_triangle_9x9_semitri,
          minmay_the_grid_triangle_9x9_prize_schism,
          minmay_the_grid_triangle_9x9_skeleton,
          minmay_the_grid_triangle_9x9_negative_grid,
          minmay_the_grid_triangle_9x9_windchime,
          minmay_the_grid_triangle_9x9_sprig,
          minmay_the_grid_triangle_9x9_flanged_cone], layout_loops_ring,
          erik_orc_1, special_room [special_room_bee], uniq_fannar
D:12:     layout_basic, serial_shops, nicolae_shop_crystal
D:13:     layout_stronghold, david_vaults_5, guppyfry_shop_venom
Temple:   compressed_dpeg_triangle_lava_temple

Skill      XL: |  1  2  3  4  5  6  7  8  9 10 11 12 13 |
---------------+----------------------------------------+-----
Axes           | 3 4 6 7 8 11 12 15 16 | 16.0
Throwing       | 6 |  6.0
Fighting       | 3 6 8 |  8.6
Invocations    | 7 10 11 | 11.1
Shields        | 6 8 |  8.4
Evocations     | 5 7 |  7.9
Armour         | |  3.2

Action                   |  1- 3 |  4- 6 |  7- 9 | 10-12 | 13-15 || total
-------------------------+-------+-------+-------+-------+-------++-------
Melee: War axe           |   145 |    59 |   403 |  1223 |   119 ||  1949
Invok: Lesser Servant of |       |       |       |     7 |       ||     7
 Abil: Heal Wounds       |       |    10 |    19 |    39 |     2 ||    70
Evoke: Wand              |       |       |       |    13 |       ||    13
  Use: Scroll            |       |       |       |    28 |       ||    28
       Potion            |       |       |       |       |     1 ||     1
Armor: Scale mail        |    10 |       |       |       |       ||    10
       Plate armour      |    97 |    65 |   268 |   603 |    37 ||  1070
Dodge: Dodged            |    22 |    15 |    66 |   160 |    14 ||   277
Block: Kite shield       |    74 |    51 |   187 |   568 |    40 ||   920
